 Dungeon Crawl Stone Soup version 0.29.1-15-g9cfb28693d (webtiles) character file.

Game seed: 2849637072597082387

3054 BuddhaDhamma the Basher (level 9, -8/105 HPs)
             Began as a Minotaur Berserker on Mar 7, 2023.
             Was a High Priest of Trog.
             Mangled by a gnoll bouda
             ... wielding a +0 halberd
              (11 damage)
             ... in a bailey.
             The game lasted 00:12:06 (7152 turns).

BuddhaDhamma the Basher (Minotaur Berserker)        Turns: 7152, Time: 00:12:07

Health: -8/105     AC: 14    Str: 26    XL:     9   Next: 57%
Magic:  8/8        EV: 10    Int:  4    God:    Trog [*****.]
Gold:   378        SH:  0    Dex: 13    Spells: 8/8 levels left

rFire   . . .      SeeInvis +   n - +8 mace "Meusy" {freeze, rCorr Dex+3}
rCold   + . .      Faith    +   (no shield)
rNeg    . . .      Spirit   .   f - +7 Kryia's mail coat {PotionHeal*2 rC+}
rPois   .          Reflect  .   (helmet restricted)
rElec   .          Harm     .   r - +0 cloak {Will+}
rCorr   +          Rampage  .   (no gloves)
Will    ++...                   (no boots)
Stlth   ..........              b - amulet of faith
HPRegen 0.27/turn               l - ring of willpower
MPRegen 0.11/turn               t - ring of see invisible

@: berserking, weakened, very quick
A: horns 2, retaliatory headbutt
a: Renounce Religion, Berserk, Trog's Hand, Brothers in Arms


You were in a bailey.
You worshipped Trog.
Trog was extremely pleased with you.
You visited 1 branch of the dungeon, and saw 7 of its levels.
You also visited: Bailey.

You collected 378 gold pieces.

Inventory:

Hand Weapons
 n - the +8 mace "Meusy" (weapon) {freeze, rCorr Dex+3}
   (You found it on level 4 of the Dungeon)

   It freezes those it strikes, dealing additional cold damage.
   It can also slow down cold-blooded creatures.
   Dex:       It affects your dexterity (+3).
   rCorr:     It protects you from acid and corrosion.
Missiles
 g - 11 poisoned darts (quivered)
 x - 4 throwing nets
Armour
 f - the +7 Kryia's mail coat (worn) {PotionHeal*2 rC+}
   (You found it on level 4 of the Dungeon)

   Potions are twice as effective at healing its wearer.
   rC:        It protects you from cold.
 r - a +0 cloak of willpower (worn)
Jewellery
 b - an amulet of faith (around neck)
 l - a ring of willpower (left hand)
 p - a ring of magical power
 t - a ring of see invisible (right hand)
 u - a ring of fire
Wands
 d - a wand of charming (9)
 v - a wand of iceblast (13)
 w - a wand of mindburst (19)
Scrolls
 e - a scroll of torment
 q - a scroll of teleportation
 s - a scroll of enchant weapon
Potions
 a - 2 potions of haste
 c - 3 potions of mutation
 h - a potion of heal wounds {unknown}
 i - 2 potions of magic
 j - 2 potions of curing
 k - a potion of resistance {unknown}
 m - 2 potions of degeneration {unknown}
 o - a potion of cancellation {unknown}


   Skills:
 - Level 3.6 Fighting
 - Level 8.3(12.1) Axes
 * Level 13.9(14.8) Maces & Flails
 - Level 2.4 Armour
 - Level 2.1 Dodging


You had 8 spell levels left.
You didn't know any spells.
Your spell library was empty.

Dungeon Overview and Level Annotations

Branches:
Dungeon (7/15)             Temple (0/1) D:4          Bailey (1/1)

Altars:
Kikubaaqudgha
Qazlal
Yredelemnul


Innate Abilities, Weirdness & Mutations

You have a pair of horns on your head.
You reflexively headbutt those who attack you in melee.


Message History

The gnoll sergeant hits you but does no damage.
A red film seems to cover your vision as you go berserk!
You feel yourself moving faster!
You feel mighty! The wolf misses you. The wolf closely misses you.
The gnoll hits you but does no damage.
The gnoll bouda barks out a call to the hunt!
The gnoll bouda picks up the pace!
The wolf bites you!
* * * LOW HITPOINT WARNING * * *
The gnoll sergeant barely misses you.
The gnoll sergeant hits you from afar with a +0 glaive!
* * * LOW HITPOINT WARNING * * *
The wolf bites you.
* * * LOW HITPOINT WARNING * * *
You bludgeon the gnoll!! You freeze the gnoll.
You kill the gnoll!
Trog accepts your kill. The wolf barely misses you.
The gnoll bouda barely misses you. The gnoll hits you but does no damage.
You closely miss the gnoll bouda. You headbutt the gnoll bouda.
The gnoll bouda is moderately wounded.
The wolf bites you.
* * * LOW HITPOINT WARNING * * *
The wolf bites you but does no damage.
The gnoll sergeant hits you from afar with a +0 glaive!
* * * LOW HITPOINT WARNING * * *
The gnoll sergeant hits you but does no damage.
The gnoll bouda closely misses you.
You closely miss the gnoll bouda. You headbutt the gnoll bouda.
The gnoll bouda is heavily wounded.
The wolf closely misses you. You furiously retaliate!
You headbutt the wolf! The wolf closely misses you.
The gnoll bouda closely misses you.
You bludgeon the gnoll bouda!! You freeze the gnoll bouda.
You kill the gnoll bouda!
Trog accepts your kill. The wolf barely misses you.
The gnoll sergeant hits you from afar with a +0 glaive.
* * * LOW HITPOINT WARNING * * *
The gnoll sergeant hits you but does no damage.
The gnoll bouda hits you from afar with a +0 halberd!
You die...

♣≈..# #..≈ ♣≈..# #####
#..≈ ♣≈..# ##...## #..≈
♣≈..##+###.....######..≈
♣≈......#.......#...'.).
♣≈....).'...8..)))).'...
♣≈......#......)#...'..)
♣≈..##(###.....######..≈
♣≈..#.h@g##...## #..≈
♣≈..#.h).g##### #..≈
♣≈..#...gg.... #..≈
♣≈..##..g...... #..≈
♣≈...##.8...... ###..≈
♣≈≈.. ######### #...≈≈
♣♣≈≈≈ ≈≈≈≈≈≈≈≈≈♣
♣♣♣♣♣♣♣♣♣♣


You could see 2 gnoll sergeants, 2 wolves, 2 gnoll boudas and a gnoll (swift).

Vanquished Creatures
  A steam dragon (D:6)
  Menkaure (D:7)
  2 water moccasins
  2 sky beasts
  A black bear (D:4)
  An orc warrior (D:6)
  2 ogres
  A centaur (D:6)
  2 phantoms (D:6)
  A necrophage (D:6)
  A bullfrog (D:7)
  2 gnoll sergeants
  3 scorpions (D:6)
  12 killer bees
  2 howler monkeys (D:6)
  2 jellies (D:6)
  2 orc priests
  4 hounds
  2 gnoll boudas (Bailey)
  4 iguanas
  Natasha (thrice) (D:2)
  9 adders
  13 gnolls
  2 white imps
  An ufetubus (D:6)
  2 worms
  4 dart slugs
  14 orcs
  8 endoplasms
  2 giant cockroaches (D:2)
  12 hobgoblins
  16 jackals
  2 quokkas
  8 ball pythons
  7 bats
  4 frilled lizards
  11 goblins
  5 kobolds
  6 rats
177 creatures vanquished.

Vanquished Creatures (others)
  2 demonic plants (D:3)
2 creatures vanquished.

Grand Total: 179 creatures vanquished

Notes
Turn   | Place    | Note
-------+----------+-------------------------------------------
     0 | D:1      | BuddhaDhamma the Minotaur Berserker began the quest for the
                  | Orb.
     0 | D:1      | Reached XP level 1. HP: 19/19 MP: 0/0
   156 | D:1      | Reached XP level 2. HP: 15/26 MP: 1/1
   670 | D:1      | Reached skill level 5 in Axes
   862 | D:1      | Reached XP level 3. HP: 31/31 MP: 2/2
   908 | D:1      | Reached ** piety under Trog
  1458 | D:2      | Noticed Natasha
  1464 | D:2      | Killed Natasha
  1465 | D:2      | Reached XP level 4. HP: 17/39 MP: 3/3
  1573 | D:2      | Noticed Natasha
  1581 | D:2      | Killed Natasha
  1743 | D:2      | Noticed Natasha
  1751 | D:2      | Killed Natasha
  1955 | D:2      | Reached XP level 5. HP: 44/45 MP: 4/4
  2343 | D:2      | Reached *** piety under Trog
  2679 | D:3      | Found a faded altar of an unknown god.
  2750 | D:3      | You fall into a shaft and drop 3 floors!
  2993 | D:5      | Entered Level 5 of the Dungeon
  3517 | D:4      | Found the +7 Kryia's mail coat {PotionHeal*2 rC+}
  3655 | D:4      | Reached **** piety under Trog
  3656 | D:4      | Reached XP level 6. HP: 51/51 MP: 5/5
  3717 | D:4      | Found a stormy altar of Qazlal.
  3731 | D:4      | Identified the +8 mace "Meusy" {freeze, rCorr Dex+3}
  3789 | D:4      | Found a staircase to the Ecumenical Temple.
  4113 | D:4      | Reached skill level 2 in Maces & Flails
  4353 | D:5      | Noticed a water moccasin
  4357 | D:5      | Reached skill level 3 in Maces & Flails
  4358 | D:5      | Reached skill level 4 in Maces & Flails
  4359 | D:5      | Reached XP level 7. HP: 57/57 MP: 6/6
  4362 | D:5      | Reached skill level 5 in Maces & Flails
  4363 | D:5      | Reached skill level 6 in Maces & Flails
  4564 | D:5      | Reached skill level 7 in Maces & Flails
  4990 | D:6      | Reached skill level 8 in Maces & Flails
  4990 | D:6      | Reached XP level 8. HP: 64/64 MP: 7/7
  5063 | D:6      | Reached skill level 9 in Maces & Flails
  5168 | D:6      | Reached skill level 10 in Maces & Flails
  5786 | D:6      | Reached skill level 11 in Maces & Flails
  5806 | D:6      | Reached XP level 9. HP: 15/70 MP: 8/8
  5807 | D:6      | Reached ***** piety under Trog
  5812 | D:6      | Reached skill level 12 in Maces & Flails
  6405 | D:7      | Reached skill level 13 in Maces & Flails
  6454 | D:7      | Found a transporter.
  6473 | D:7      | Found an ancient bone altar of Kikubaaqudgha.
  6477 | D:7      | Noticed Menkaure
  6483 | D:7      | Found a basalt altar of Yredelemnul.
  6486 | D:7      | Found a transporter.
  6522 | D:7      | Killed Menkaure
  6541 | D:7      | Identified the +1 pair of boots "Uhe Kiud" {Str+5}
  6624 | D:7      | Found a flagged portal.
  6703 | Bailey   | Entered a bailey
  6802 | Bailey   | HP: 1/70 [gnoll/+0 trident (3)]
  7152 | Bailey   | HP: 3/105 [gnoll sergeant/+0 glaive (4)]
  7152 | Bailey   | Mangled by a gnoll bouda

Illustrated notes

Levels and vault maps discovered:
D:1:      saegor_arrival_simple_c, layout_basic, minivault_4
D:2:      layout_basic, uniq_natasha
D:3:      layout_rooms, shapermc_ecumenical_altar_gd, minmay_surrounded
D:4:      layout_loops_ring, grunt_qazlal_clouds, minmay_temple_entry_glass,
          kennysheep_generic_room_6
D:5:      layout_cave_pools
D:6:      minmay_octagon_keep, layout_basic
D:7:      minmay_the_grid_plus_closed [minmay_the_grid_spin_star,
          minmay_the_grid_slots, minmay_the_grid_rooms, minmay_the_grid_x,
          minmay_the_grid_prize_four_corners], layout_loops_ring,
          gammafunk_temple_of_torment, enter_bailey_8, minmay_manual_monstrance,
          uniq_menkaure, uniq_crazy_yiuf_cottage
Bailey:   bailey_polearm_gnolls_kennysheep, bailey

Skill      XL: |  1  2  3  4  5  6  7  8  9 |
---------------+----------------------------+-----
Axes           | 4 5 6 8 |  8.3
Maces & Flails | 4 8 11 13 | 13.9
Fighting       | |  3.6
Armour         | |  2.4
Dodging        | |  2.1

Action                   |  1- 3 |  4- 6 |  7- 9 || total
-------------------------+-------+-------+-------++-------
Melee: Hand axe          |    94 |   108 |       ||   202
       Headbutt          |    14 |    11 |    16 ||    41
       Mace              |       |    27 |   157 ||   184
       Punch             |       |     1 |     3 ||     4
Throw: Dart              |       |       |     3 ||     3
Invok: Berserk           |       |     1 |     3 ||     4
  Use: Scroll            |       |    11 |     1 ||    12
       Potion            |       |       |     3 ||     3
Armor: Animal skin       |     2 |       |       ||     2
       Leather armour    |    12 |    27 |       ||    39
       Chain mail        |       |     5 |       ||     5
       Scale mail        |       |    28 |   143 ||   171
Dodge: Dodged            |    63 |   102 |   151 ||   316
